 Dungeon Crawl Stone Soup version 0.19-a0-45-g2c295ea (webtiles) character file.

602 namelastname112 the Conjurer (level 7, 31/57 HPs)
             Began as a Green Draconian Earth Elementalist on May 5, 2016.
             Quit the game in an ossuary.
             The game lasted 00:04:31 (2578 turns).

namelastname112 the Conjurer (DrEE)                 Turns: 2578, Time: 00:04:32

Health: 31/57      AC: 11    Str: 10    XL:     7   Next: 18%
Magic:  13/13      EV: 14    Int: 17    God:
Gold:   210        SH:  0    Dex: 15    Spells: 2 memorised, 10 levels left

rFire  . . .     SeeInvis .     u - +2 short sword (elec)
rCold  . . .     Gourm    .     (armour unavailable)
rNeg   . . .     Faith    .     (no shield)
rPois  +         Spirit   .     s - +1 hat
rElec  .         Dismiss  .     h - +0 cloak
rCorr  .         Reflect  .     i - +2 pair of gloves {Dex+3}
SustAt .         Harm     .     (no boots)
MR     .....                    k - amulet of regeneration
Stlth  ++........               (no ring)
                                (no ring)

@: not resistant to hostile enchantments, unstealthy
A: breathe noxious fumes, unfitting armour, poison resistance, cold-blooded, AC
+6
a: Breathe Noxious Fumes


You were in an ossuary.
You were very hungry.

You visited 1 branch of the dungeon, and saw 4 of its levels.
You also visited: Ossuary.

You collected 210 gold pieces.

Inventory:

Hand Weapons
 e - a +0 dagger of venom
 u - a +2 short sword of electrocution (weapon)
Missiles
 a - 128 stones
 r - a throwing net (quivered)
Armour
 h - a +0 cloak (worn)
 i - a +2 pair of gloves of dexterity (worn)
 s - a +1 hat (worn)
Magical Staves
 o - an uncursed staff of power
Jewellery
 k - an amulet of regeneration (around neck)
Wands
 q - a wand of teleportation (0/9)
 y - a wand of confusion (26/48)
Scrolls
 d - 2 scrolls of identify {unknown}
 l - a scroll of immolation {unknown}
 m - a scroll of amnesia {unknown}
 p - a scroll of recharging {unknown}
 t - a scroll of teleportation {unknown}
 w - a scroll of blinking {unknown}
 x - a scroll of enchant weapon {unknown}
Potions
 f - a potion of ambrosia {unknown}
 g - a potion of brilliance {unknown}
 j - a potion of heal wounds {unknown}
 n - a potion of cure mutation {unknown}
 v - a potion of magic {unknown}
 z - a potion of might {unknown}
Books
 b - a book of Geomancy

   Spells                             Type                      Level
   a - Sandblast                      Earth                        1
   b - Passwall                       Transmutation/Earth          2
   c - Stone Arrow                    Conjuration/Earth            3
   d - Petrify                        Transmutation/Earth          4
   e - Lee's Rapid Deconstruction     Earth                        5
Comestibles
 c - a bread ration


   Skills:
 + Level 3.2 Fighting
 + Level 3.6 Dodging
 - Level 1.7 Stealth
 + Level 4.1 Spellcasting
 * Level 4.2 Conjurations
   Level 1.0 Transmutations
 - Level 3.0 Earth Magic


You had 10 spell levels left.
You knew the following spells:

 Your Spells              Type           Power        Failure   Level  Hunger
x - Stone Arrow           Conj/Erth      ###...       12%         3    ###....
z - Sandblast             Erth           ##....       4%          1    None


Dungeon Overview and Level Annotations

Branches:
Dungeon (4/15)
 Temple: D:4-7

Altars:
Makhleb
Nemelex Xobeh
Sif Muna
Vehumet
Yredelemnul


Innate Abilities, Weirdness & Mutations

You can breathe blasts of noxious fumes.
Your lurid green scales are hard (AC +6).
Your body does not fit into most forms of armour.
Your system is resistant to poisons.
You are cold-blooded and may be slowed by cold attacks.


Message History

You take 7 damage, and have 18/50 hp.
You hit M4edhros's ghost. You tail-slap M4edhros's ghost.
You destroy M4edhros's ghost!
Your Fighting skill increases to level 3!
Your Spellcasting skill increases to level 4!
Your Conjurations skill increases to level 4!
You have reached level 7!
Your scales start taking on a lurid green colour.
You learn Poison Magic much quicker.
You can breathe blasts of noxious fumes.
You feel resistant to poisons.
You regained 4 hp, and now have 22/57 hp.
You start resting.
You are feeling very hungry.
You regained 4 hp, and now have 26/57 hp.
You start resting.
Magic restored.
You regained 4 hp, and now have 30/57 hp.
MP restored: 13 Are you sure you want to abandon this character and quit the game? (Confirm with "yes".)

## .# .# ##.
##.##
##...##
###.@...#
##.......##
#...∩..∩..#
##.........#
##.......##
#########


There were no monsters in sight!

Vanquished Creatures
  The ghost of M4edhros the Martial Artist, a novice OpNe (Ossuary)
  Sigmund (D:2)
  An orc priest (D:2)
  An orc wizard (D:3)
  Ijyb (D:2)
  3 adders
  A worm (D:2)
  6 dart slugs
  2 giant geckos (D:3)
  8 orcs
  8 bats
  3 giant cockroaches
  2 gnoll zombies (D:3)
  6 goblins
  4 hobgoblins
  5 jackals
  A quokka (D:3)
  5 giant newts
  10 kobolds
  8 rats
77 creatures vanquished.

Notes
Turn   | Place    | Note
--------------------------------------------------------------
     0 | D:1      | namelastname112 the Draconian Earth Elementalist began the quest for the Orb.
     0 | D:1      | Reached XP level 1. HP: 14/14 MP: 3/3
   239 | D:1      | Reached XP level 2. HP: 22/22 MP: 1/5
   673 | D:1      | Reached skill level 1 in Fighting
   775 | D:1      | Reached XP level 3. HP: 28/28 MP: 7/7
   805 | D:1      | Learned a level 3 spell: Stone Arrow
  1179 | D:2      | Noticed Ijyb
  1197 | D:2      | Killed Ijyb
  1197 | D:2      | Reached skill level 1 in Conjurations
  1197 | D:2      | Reached XP level 4. HP: 28/35 MP: 8/8
  1297 | D:2      | Noticed Sigmund
  1544 | D:2      | Killed Sigmund
  1544 | D:2      | Reached XP level 5. HP: 33/42 MP: 8/10
  1968 | D:2      | Reached XP level 6. HP: 47/50 MP: 11/11
  2126 | D:3      | Found a basalt altar of Yredelemnul.
  2335 | D:3      | Found a burning altar of Makhleb.
  2335 | D:3      | Found a radiant altar of Vehumet.
  2387 | D:3      | Found a deep blue altar of Sif Muna.
  2424 | D:3      | Found a sparkling altar of Nemelex Xobeh.
  2545 | D:4      | Found a sand-covered staircase.
  2551 | Ossuary  | Entered an ossuary
  2551 | Ossuary  | Noticed M4edhros's ghost (novice OpNe)
  2562 | Ossuary  | Killed M4edhros's ghost
  2562 | Ossuary  | Your scales start taking on a lurid green colour.
  2562 | Ossuary  | Reached XP level 7. HP: 21/57 MP: 11/13
  2562 | Ossuary  | Gained mutation: Your system is resistant to poisons. [Green Draconian growth]
  2578 | Ossuary  | Quit the game

Vault maps used:
D:1:      dpeg_arrival_lava_temple_mockup
D:2:      serial_park_tiny_pond, corexii_corridor_pit, uniq_iyjb, uniq_sigmund
D:3:      lemuel_zombie_altar_yredelemnul, minitemple, minmay_misc_feat_alley,
          nemelex_spade_bored_becter
D:4:      nicolae_ru_awakened_eye, lightli_ossuary_entry_decrepit_ruins,
          serial_shops, shop, kennysheep_mini_moat, shop
Ossuary:  ossuary_due_cavern

Skill      XL: |  1  2  3  4  5  6 |
---------------+-------------------+-----
Dodging        | 2 3 |  3.6
Fighting       | 1 2 3 |  3.2
Spellcasting   | 3 4 |  4.1
Conjurations   | 1 3 4 |  4.2
Stealth        | |  1.7
Transmutations | |  1.0
Earth Magic    | |  3.0

Action                   |  1- 3 |  4- 6 |  7- 9 || total
-------------------------+-------+-------+-------++-------
Melee: Unarmed           |    11 |       |       ||    11
       Short sword       |   103 |   106 |       ||   209
       Tailslap          |     9 |    19 |       ||    28
       Dagger            |       |    33 |       ||    33
Throw: Throwing net      |       |     3 |       ||     3
       Stone             |       |     2 |       ||     2
 Cast: Sandblast         |    21 |       |       ||    21
 Stab: Sleeping          |     3 |     3 |       ||     6
       Held in net/web   |       |     1 |       ||     1
  Eat: Chunk             |     1 |     4 |       ||     5
Armor: Skin              |    50 |    53 |       ||   103
Dodge: Dodged            |    83 |   103 |       ||   186
